 Dungeon Crawl Stone Soup version 0.27-a0-277-g024f7ef292 (webtiles) character file.

Game seed: 18405242756805660265

76 gimp the Digger (level 4, 0/28 HPs)
             Began as an Octopode Earth Elementalist on Feb 5, 2021.
             Shot with an arrow by a centaur (6 damage)
             ... on level 3 of the Dungeon.
             The game lasted 00:04:43 (1934 turns).

gimp the Digger (Octopode Earth Elementalist)       Turns: 1934, Time: 00:04:43

Health: 0/28       AC:  1    Str:  7    XL:     4   Next: 32%
Magic:  6/7        EV: 13    Int: 18    God:
Gold:   50         SH:  0    Dex: 12    Spells: 3/7 levels left

rFire    . . .     SeeInvis .   f - +0 dagger
rCold    . . .     Faith    .   (no shield)
rNeg     . . .     Spirit   .   (helmet restricted)
rPois    .         Reflect  .   (no amulet)
rElec    .         Harm     .   (no ring)
rCorr    .         Rampage  .   (no ring)
Will     .....                  (no ring)
Stlth    +++.......             (no ring)
HPRegen  0.09/turn              (no ring)
MPRegen  0.10/turn              (no ring)
                                (no ring)
                                (no ring)

@: no status effects
A: almost no armour, stealthy swim, amphibious, 8 rings, constrict 8, camouflage
1, gelatinous body 1
a: no special abilities


You were on level 3 of the Dungeon.
You visited 1 branch of the dungeon, and saw 3 of its levels.

You collected 50 gold pieces.

Inventory:

Hand Weapons
 f - a +0 dagger (weapon)
Missiles
 b - 48 stones
 j - 30 poisoned darts
Scrolls
 a - 3 scrolls of amnesia {unknown}
 d - 2 scrolls of enchant armour {unknown}
 g - 2 scrolls of remove curse {unknown}
 h - a scroll of random uselessness {unknown}
 i - 2 scrolls of identify {unknown}


   Skills:
 - Level 1.0 Fighting
 - Level 2.0 Dodging
 - Level 2.6 Stealth
 + Level 2.3 Spellcasting
 * Level 1.4 Conjurations
 - Level 1.0 Transmutations
 * Level 4.2 Earth Magic


You had 3 spell levels left.
You knew the following spells:

 Your Spells              Type           Power        Failure   Level
a - Sandblast             Erth           34%          3%          1
b - Stone Arrow           Conj/Erth      24%          17%         3

Your spell library contained the following spells:

 Spells                   Type           Power        Failure   Level
 Passwall                 Tmut/Erth      9%           9%          2
 Petrify                  Tmut/Erth      11%          52%         4
 Lee's Rapid Deconstruct  Erth           8%           65%         5


Dungeon Overview and Level Annotations

Branches:
Dungeon (3/15)

Altars:


Innate Abilities, Weirdness & Mutations

You cannot wear most types of armour.
You are very stealthy in the water. (Stealth+)
You are amphibious.
You can wear up to eight rings at the same time.
You can use your tentacles to constrict eight enemies at once.
Your skin changes colour to match your surroundings (Stealth+).
Your rubbery body absorbs attacks. (AC +1, EV +1)


Message History

The bat barely misses you.
You now have 5/7 mp.
The centaur shoots an arrow.
The arrow hits you!
* * * LOW HITPOINT WARNING * * *
The jackal pauses to sniff the ground.
The bat closely misses you.
You take 8 damage, and have 7/28 hp.
MASSIVE DAMAGE!!
The bat misses you. The bat hits you but does no damage. The bat hits you.
* * * LOW HITPOINT WARNING * * *
You aren't carrying any potions.
The jackal closely misses you. The jackal misses you. The bat hits you.
* * * LOW HITPOINT WARNING * * *
You take 1 damage, and have 6/28 hp.
The bat closely misses you. The bat completely misses you.
The bat barely misses you.
The centaur shoots an arrow.
The arrow hits you.
You die...

#.#########..
#.# ####..
##.######....#
#.>...cK...#$#
#..######....#
#..# #[##..
########..#
#.....
#....bc...#
#####.
#.#.@..h..# #
#.#.#######
#.#.# #.#.#
#.#.# #†#.#
#.#.# #.#.##
#....##


You could see a centaur, a jackal and a bat.

Vanquished Creatures
  3 adders (D:2)
  3 worms
  A dart slug (D:2)
  A leopard gecko (D:1)
  3 orcs
  3 goblins (D:1)
  3 hobgoblins
  3 jackals (D:1)
  A ball python (D:2)
  2 bats
  5 frilled lizards
  4 kobolds
  7 rats
39 creatures vanquished.

Notes
Turn   | Place    | Note
-------+----------+-------------------------------------------
     0 | D:1      | gimp the Octopode Earth Elementalist began the quest for
                  | the Orb.
     0 | D:1      | Reached XP level 1. HP: 11/11 MP: 3/3
   205 | D:1      | Reached XP level 2. HP: 18/18 MP: 1/5
   466 | D:1      | Reached skill level 1 in Fighting
  1178 | D:2      | Reached XP level 3. HP: 23/23 MP: 4/6
  1183 | D:2      | Learned a level 3 spell: Stone Arrow
  1358 | D:2      | Reached skill level 4 in Earth Magic
  1459 | D:2      | Reached skill level 1 in Conjurations
  1668 | D:2      | Reached XP level 4. HP: 28/28 MP: 5/7
  1732 | D:2      | HP: 1/28 [orc/+1 flail of protection (6)]
  1910 | D:3      | Noticed a centaur
  1934 | D:3      | Shot with an arrow by a centaur

Illustrated notes

Levels and vault maps discovered:
D:1:      sevenhm_arrival_forest_fort_small_3, layout_basic
D:2:      layout_basic
D:3:      layout_loops_ring, grunt_temple_overflow_holy_war,
          lemuel_coloured_pillars_altar, minmay_fractal_squares_5

Skill      XL: |  1  2  3 |
---------------+----------+-----
Fighting       | 1 |  1.0
Earth Magic    | 4 |  4.2
Conjurations   | 1 |  1.4
Dodging        | |  2.0
Stealth        | |  2.6
Spellcasting   | |  2.3
Transmutations | |  1.0

Action                   |  1- 3 |  4- 6 || total
-------------------------+-------+-------++-------
Melee: Unarmed           |    15 |       ||    15
       Constrict         |     6 |     5 ||    11
       Tentacles         |     4 |     2 ||     6
       Dagger            |    13 |    11 ||    24
 Cast: Sandblast         |    36 |    13 ||    49
  Use: Potion            |       |     2 ||     2
 Stab: Sleeping          |     3 |       ||     3
Armor: Skin              |     1 |     6 ||     7
Dodge: Dodged            |    21 |    22 ||    43

Table legend: (Time is in decaauts)
 A = Elapsed time spent in this place.
 B = Non-inter-level travel time spent in this place.
 C = Inter-level travel time spent in this place.
 D = Time resting spent in this place.
 E = Time spent auto-exploring this place.
 F = Levels seen in this place.
 G = Mean time per level.
                   A        B        C        D        E       F      G
               +--------+--------+--------+--------+--------+-----+--------+
         Total |   1934 |   1837 |     97 |     75 |   1479 |   3 |  644.7 |
       Dungeon |   1934 |   1837 |     97 |     75 |   1479 |   3 |  644.7 |
               +--------+--------+--------+--------+--------+-----+--------+

Top non-repeatable levels by time:
     D:1: 982 daAuts
     D:2: 862 daAuts
     D:3: 89 daAuts
